 Dungeon Crawl Stone Soup version 0.23.2-33-g5129a83184 (webtiles) character file.

Game seed: 13710042773355525450

31 Joat the Skirmisher (level 3, 0/29 HPs)
             Began as a Demonspawn Fighter on July 4, 2019.
             Was a Follower of Wu Jian.
             Slain by a worm (3 damage)
             ... on level 2 of the Dungeon.
             The game lasted 00:04:08 (951 turns).

Joat the Skirmisher (Demonspawn Fighter)             Turns: 951, Time: 00:04:09

Health: 0/29       AC:  7    Str: 16    XL:     3   Next: 7%
Magic:  3/3        EV:  6    Int:  9    God:    Wu Jian [*.....]
Gold:   65         SH:  9    Dex: 13    Spells: 2/2 levels left

rFire    . . .     SeeInvis .   a - +0 dagger
rCold    . . .     Gourm    .   c - +0 shield
rNeg     . . .     Faith    .   b - +0 scale mail
rPois    .         Spirit   .   (no helmet)
rElec    .         Reflect  .   (no cloak)
rCorr    .         Harm     .   (no gloves)
MR       .....                  j - +0 pair of boots (curse)
Stlth    ..........             (no amulet)
HPRegen  0.09/turn              (no ring)
MPRegen  0.08/turn              (no ring)

@: no status effects
A: hooves 1, powered by pain 1
a: Renounce Religion


You were on level 2 of the Dungeon.
You worshipped Wu Jian.
Wu Jian was aware of your devotion.
You were not hungry.

You visited 1 branch of the dungeon, and saw 2 of its levels.

You collected 65 gold pieces.

Inventory:

Hand Weapons
 a - a +0 dagger (weapon)
Armour
 b - a +0 scale mail (worn)
 c - a +0 shield (worn)
 j - a cursed +0 pair of boots (worn)
Jewellery
 p - a +2 ring of slaying {unknown}
Scrolls
 e - a scroll of magic mapping {unknown}
 g - 2 scrolls of amnesia {unknown}
 h - 2 scrolls of remove curse {unknown}
 k - a scroll of enchant weapon {unknown}
 m - 3 scrolls of immolation {unknown}
Potions
 d - 2 potions of might
 l - 2 potions of curing {unknown}
 n - a potion of haste {unknown}
 q - a potion of invisibility {unknown}
 r - a potion of lignification {unknown}
Comestibles
 f - 2 rations
 i - 3 chunks of flesh


   Skills:
 + Level 3.2 Fighting
 * Level 2.3 Short Blades
 + Level 2.9 Armour
 * Level 3.1 Shields


You had 2 spell levels left.
You didn't know any spells.
Your spell library was empty.

Dungeon Overview and Level Annotations

Branches:
Dungeon (2/15)

Altars:
Wu Jian


Innate Abilities, Weirdness & Mutations

You have large cloven feet.
You sometimes gain a little power by taking damage.


Message History

The worm closely misses you.
Found a stone staircase leading down.
You lunge at the worm, in a flurry of attacks.
You hit the worm.
The worm is severely wounded.
You hit the worm.
The worm is almost dead.
The worm bites you.
You lunge at the worm.
You hit the worm but do no damage.
The worm is severely wounded.
The worm bites you.
* * * LOW HITPOINT WARNING * * *
Some of the chunks of flesh in your inventory have rotted away.
A hobgoblin comes into view. It is wielding a +0 club.
The hobgoblin shouts!
Found 9 gold pieces.
You lunge at the worm.
You barely miss the worm.
The worm is heavily wounded.
The worm bites you.
You die...

#$..#...## #.........##
#........g..# #...........#
#...........# ##
#.........# ...
##.......####>.. ....###
##............... .......
##.......@........ .......
#.......w......... .......
#...............## ###....
#...........#...# .......
##.....?.......#... ###....
.............###.....##....
###..........# #.........#.
##..........###.........#.
#......).....##......#..#.


You could see a worm and a hobgoblin.

Vanquished Creatures
  An adder (D:2)
  3 giant cockroaches
  4 goblins
  4 hobgoblins
  2 kobolds (D:2)
  3 bats
  2 frilled lizards (D:1)
  A rat (D:2)
20 creatures vanquished.

Notes
Turn   | Place    | Note
-------+----------+-------------------------------------------
     0 | D:1      | Joat the Demonspawn Fighter began the quest for the Orb.
     0 | D:1      | Reached XP level 1. HP: 18/18 MP: 1/1
   569 | D:2      | Gained mutation: You have large cloven feet. [demonic
                  | ancestry]
   569 | D:2      | Reached XP level 2. HP: 24/24 MP: 2/2
   641 | D:2      | Found a faded altar of an unknown god.
   674 | D:2      | Became a worshipper of the Wu Jian Council
   674 | D:2      | Reached * piety under Wu Jian
   901 | D:2      | Gained mutation: You sometimes gain a little power by
                  | taking damage. [demonic ancestry]
   901 | D:2      | Reached XP level 3. HP: 25/29 MP: 3/3
   951 | D:2      | Slain by a worm

Skill      XL: |  1  2 |
---------------+-------+-----
Short Blades   | 2 |  2.3
Shields        | 3 |  3.1
Fighting       | |  3.2
Armour         | |  2.9

Action                   || total
-------------------------++-------
Melee: Rapier            ||    17
       Dagger            ||    92
Invok: Whirlwind         ||    20
       Lunge             ||    19
Armor: Scale mail        ||    37
Dodge: Dodged            ||    28
Block: Shield            ||    31
